[ AOE2 MATCH · #506359219 ]
UnrankedMapuche vs Bengalis
Player's team · WIN
Rival team · LOSS
[ REPLAY ANALYSIS · EXTRACTED FROM THE RECORDED GAME ]
Feudal
8:50
Castle
19:06
Imperial
—
| APM avg | 92.6 |
| APM peak | 138 |
| eAPM avg | 32.4 |
| Villagers / military | 35 / 15 |
Focus
⚔️ 36.3% · 🌾 63.7%
Skirmisher ×11 · Unknown (2550) ×8 · Spearman ×4
Feudal
9:15
Castle
—
Imperial
—
| APM avg | 72.0 |
| APM peak | 110 |
| eAPM avg | 33.6 |
| Villagers / military | 45 / 21 |
Focus
⚔️ 49.6% · 🌾 50.4%
Skirmisher ×18 · Militia ×3
Match map
Initial resources + every placement click. Lines = walls · curves = elevation contours. ◆ gold · ⬟ stone · ● berries · ✦ relic · ◌ wall gap
Your base· Open — 7t gap
fourloko's base· Open — unwalled flank
Smoothed initial terrain · ◌ = detected wall gap · hover for details
Inputs per minute
— Lamo - - fourloko
Build order — Lamo
121 actions detected in the replay
| 0:00 | Create | Villager (Male) |
| 0:00 | Create | Villager (Male) |
| 0:01 | Create | Villager (Male) |
| 0:02 | Build | House |
| 0:04 | Build | House |
| 0:23 | Create | Villager (Male) |
| 0:24 | Create | Villager (Male) |
| 1:25 | Create | Villager (Male) |
| 1:53 | Create | Villager (Male) |
| 1:54 | Build | Settlement |
| 2:16 | Create | Villager (Male) |
| 2:44 | Create | Villager (Male) |
| 3:07 | Create | Villager (Male) |
| 3:29 | Create | Villager (Male) |
| 3:36 | Create | Villager (Male) |
| 4:25 | Create | Villager (Male) |
| 4:46 | Create | Villager (Male) |
| 5:04 | Create | Villager (Male) |
| 5:40 | Create | Villager (Male) |
| 5:42 | Research | Loom |
| 5:42 | Research | Loom |
| 5:44 | Build | Settlement |
| 6:32 | Research | Feudal Age |
| 6:33 | Research | Feudal Age |
| 7:14 | Build | Settlement |
| 7:51 | Build | Palisade Wall |
| 8:01 | Build | Palisade Wall |
| 8:02 | Build | Palisade Wall |
| 8:14 | Build | Palisade Wall |
| 8:22 | Build | Palisade Wall |
| 8:28 | Build | Palisade Wall |
| 8:32 | Create | Villager (Male) |
| 8:50 | Age | Feudal Age |
| 8:53 | Create | Skirmisher |
| 8:53 | Create | Skirmisher |
| 8:57 | Research | Double-Bit Axe |
| 8:57 | Research | Double-Bit Axe |
| 9:01 | Research | Horse Collar |
| 9:01 | Research | Horse Collar |
| 9:03 | Create | Villager (Male) |
| 9:08 | Create | Spearman |
| 9:14 | Create | Skirmisher |
| 9:14 | Create | Spearman |
| 9:14 | Create | Spearman |
| 9:18 | Create | Villager (Male) |
| 9:31 | Create | Villager (Male) |
| 9:50 | Create | Skirmisher |
| 9:51 | Create | Skirmisher |
| 9:52 | Create | Villager (Male) |
| 9:55 | Build | House |
| 9:58 | Build | House |
| 10:12 | Create | Villager (Male) |
| 10:21 | Build | Farm |
| 10:24 | Build | Farm |
| 10:33 | Build | Farm |
| 10:47 | Create | Villager (Male) |
| 10:54 | Create | Skirmisher |
| 10:54 | Create | Skirmisher |
| 10:55 | Create | Skirmisher |
| 10:55 | Create | Skirmisher |
| 10:55 | Create | Villager (Male) |
| 10:59 | Build | House |
| 11:13 | Create | Villager (Male) |
| 11:22 | Create | Villager (Male) |
| 11:27 | Build | Farm |
| 11:29 | Build | Farm |
| 11:32 | Build | House |
| 11:33 | Build | Palisade Wall |
| 11:49 | Create | Skirmisher |
| 11:49 | Create | Skirmisher |
| 11:52 | Build | Farm |
| 11:53 | Create | Villager (Male) |
| 11:56 | Build | House |
| 12:02 | Build | House |
| 12:13 | Build | Farm |
| 12:31 | Build | Farm |
| 12:36 | Create | Spearman |
| 12:43 | Build | Farm |
| 12:45 | Create | Villager (Male) |
| 12:52 | Build | House |
| 13:02 | Build | Palisade Wall |
| 13:04 | Build | Palisade Wall |
| 13:13 | Create | Villager (Male) |
| 13:14 | Build | Farm |
| 13:15 | Build | Farm |
| 13:19 | Build | Palisade Wall |
| 13:40 | Build | Settlement |
| 14:04 | Create | Villager (Male) |
| 14:19 | Build | Blacksmith |
| 14:25 | Build | Palisade Wall |
| 14:30 | Create | Villager (Male) |
| 14:55 | Create | Villager (Male) |
| 15:07 | Build | Market |
| 15:26 | Create | Villager (Male) |
| 15:43 | Create | Villager (Male) |
| 16:26 | Research | Castle Age |
| 16:45 | Build | Barracks |
| 16:47 | Build | Barracks |
| 16:56 | Build | Farm |
| 16:59 | Build | Farm |
| 17:04 | Research | Scale Mail Armor |
| 17:04 | Research | Scale Mail Armor |
| 17:17 | Build | Farm |
| 17:18 | Build | Farm |
| 17:37 | Build | Barracks |
| 17:52 | Research | Tech 1402 |
| 17:52 | Research | Tech 1402 |
| 18:19 | Research | Gold Mining |
| 18:20 | Research | Gold Mining |
| 18:22 | Create | Unit 2550 |
| 18:22 | Create | Unit 2550 |
| 18:32 | Build | House |
| 18:41 | Create | Unit 2550 |
| 18:42 | Create | Unit 2550 |
| 18:43 | Create | Unit 2550 |
| 18:43 | Create | Unit 2550 |
| 18:43 | Create | Unit 2550 |
| 18:43 | Create | Unit 2550 |
| 18:46 | Create | Villager (Male) |
| 19:06 | Age | Castle Age |
| 19:10 | Research | Tech 1351 |
Build order — fourloko
122 actions detected in the replay
| 0:00 | Create | Villager (Male) |
| 0:00 | Create | Villager (Male) |
| 0:00 | Create | Villager (Male) |
| 0:01 | Create | Villager (Male) |
| 0:02 | Build | House |
| 0:04 | Build | House |
| 1:27 | Create | Villager (Male) |
| 1:27 | Create | Villager (Male) |
| 1:52 | Build | Lumber Camp |
| 2:01 | Create | Villager (Male) |
| 2:01 | Create | Villager (Male) |
| 2:30 | Create | Villager (Male) |
| 2:51 | Create | Villager (Male) |
| 3:05 | Create | Villager (Male) |
| 3:05 | Create | Villager (Male) |
| 3:25 | Create | Villager (Male) |
| 3:25 | Create | Villager (Male) |
| 3:49 | Build | House |
| 3:58 | Create | Villager (Male) |
| 4:01 | Create | Villager (Male) |
| 4:50 | Create | Villager (Male) |
| 5:23 | Create | Villager (Male) |
| 5:27 | Create | Villager (Male) |
| 5:30 | Build | Mill |
| 5:47 | Research | Loom |
| 5:55 | Create | Villager (Male) |
| 5:56 | Research | Loom |
| 6:52 | Research | Feudal Age |
| 6:54 | Build | Barracks |
| 7:07 | Build | House |
| 7:45 | Create | Militia |
| 7:45 | Create | Militia |
| 7:57 | Build | Mining Camp |
| 8:11 | Build | House |
| 8:29 | Create | Villager (Male) |
| 8:34 | Create | Militia |
| 8:51 | Build | Palisade Wall |
| 9:15 | Age | Feudal Age |
| 9:17 | Research | Double-Bit Axe |
| 9:31 | Research | Man-at-Arms (upgrade) |
| 9:37 | Create | Villager (Male) |
| 9:40 | Build | Palisade Wall |
| 9:58 | Create | Villager (Male) |
| 10:09 | Build | House |
| 10:14 | Build | Farm |
| 10:17 | Build | Farm |
| 10:22 | Build | Farm |
| 10:27 | Build | House |
| 10:28 | Build | Palisade Wall |
| 10:31 | Create | Villager (Male) |
| 10:35 | Research | Horse Collar |
| 10:50 | Create | Villager (Male) |
| 10:56 | Build | House |
| 11:03 | Build | Farm |
| 11:13 | Create | Villager (Male) |
| 11:36 | Create | Villager (Male) |
| 11:37 | Create | Villager (Male) |
| 11:46 | Build | Archery Range |
| 11:50 | Build | House |
| 11:54 | Create | Villager (Male) |
| 12:02 | Build | Farm |
| 12:16 | Build | Farm |
| 12:23 | Build | Farm |
| 12:29 | Create | Skirmisher |
| 12:31 | Create | Villager (Male) |
| 12:40 | Create | Skirmisher |
| 12:40 | Create | Skirmisher |
| 12:54 | Create | Villager (Male) |
| 13:12 | Build | Archery Range |
| 13:16 | Create | Villager (Male) |
| 13:21 | Create | Skirmisher |
| 13:29 | Build | House |
| 13:36 | Create | Villager (Male) |
| 13:38 | Build | House |
| 13:43 | Build | Palisade Wall |
| 13:48 | Build | Farm |
| 13:52 | Build | Farm |
| 13:54 | Build | Palisade Wall |
| 13:57 | Create | Skirmisher |
| 14:15 | Create | Villager (Male) |
| 14:20 | Build | Farm |
| 14:23 | Create | Skirmisher |
| 14:24 | Create | Skirmisher |
| 14:24 | Create | Skirmisher |
| 14:30 | Build | Palisade Wall |
| 14:31 | Create | Skirmisher |
| 14:37 | Create | Villager (Male) |
| 14:47 | Build | Palisade Wall |
| 14:54 | Create | Skirmisher |
| 14:55 | Create | Skirmisher |
| 14:57 | Create | Villager (Male) |
| 15:16 | Build | House |
| 15:21 | Create | Villager (Male) |
| 15:29 | Create | Skirmisher |
| 15:30 | Create | Skirmisher |
| 15:37 | Create | Skirmisher |
| 15:47 | Create | Villager (Male) |
| 15:51 | Build | House |
| 15:52 | Build | House |
| 15:56 | Build | Palisade Wall |
| 15:57 | Build | House |
| 16:01 | Build | Palisade Wall |
| 16:08 | Create | Villager (Male) |
| 16:14 | Create | Skirmisher |
| 16:14 | Create | Skirmisher |
| 16:28 | Build | Farm |
| 16:29 | Build | Farm |
| 16:29 | Create | Skirmisher |
| 16:35 | Create | Skirmisher |
| 16:50 | Create | Villager (Male) |
| 16:56 | Create | Villager (Male) |
| 16:57 | Build | Farm |
| 16:59 | Build | Farm |
| 17:00 | Build | Farm |
| 17:05 | Build | Farm |
| 17:22 | Create | Villager (Male) |
| 17:42 | Build | Market |
| 17:59 | Create | Villager (Male) |
| 18:32 | Create | Villager (Male) |
| 18:44 | Build | Palisade Wall |
| 18:57 | Build | Lumber Camp |
| 19:01 | Create | Villager (Male) |
Match timeline
| 6:54 | fourloko · first_building Barracks |
| 7:51 | Lamo · wall_segment Palisade Wall x2 |
| 8:01 | Lamo · wall_segment Palisade Wall x2 |
| 8:02 | Lamo · wall_segment Palisade Wall x1 |
| 8:14 | Lamo · wall_segment Palisade Wall x2 |
| 8:22 | Lamo · wall_segment Palisade Wall x1 |
| 8:28 | Lamo · wall_segment Palisade Wall x1 |
| 8:50 | Lamo · age_up feudal |
| 8:51 | fourloko · wall_segment Palisade Wall x4 |
| 9:15 | fourloko · age_up feudal |
| 9:40 | fourloko · wall_segment Palisade Wall x5 |
| 10:28 | fourloko · wall_segment Palisade Wall x2 |
| 11:33 | Lamo · wall_segment Palisade Wall x5 |
| 11:46 | fourloko · first_building Archery Range |
| 13:02 | Lamo · wall_segment Palisade Wall x6 |
| 13:04 | Lamo · wall_segment Palisade Wall x1 |
| 13:19 | Lamo · wall_segment Palisade Wall x6 |
| 13:43 | fourloko · wall_segment Palisade Wall x4 |
| 13:54 | fourloko · wall_segment Palisade Wall x4 |
| 14:25 | Lamo · wall_segment Palisade Wall x4 |
| 14:30 | fourloko · wall_segment Palisade Wall x1 |
| 14:47 | fourloko · wall_segment Palisade Wall x8 |
| 15:56 | fourloko · wall_segment Palisade Wall x1 |
| 16:01 | fourloko · wall_segment Palisade Wall x1 |
| 16:45 | Lamo · first_building Barracks |
| 17:28 | Lamo · first_market_buy 100 wood |
| 18:33 | fourloko · first_market_buy 100 food |
| 18:34 | fourloko · first_market_sell 500 wood |
| 18:44 | fourloko · wall_segment Palisade Wall x8 |
| 19:06 | Lamo · age_up castle |
| 19:22 | fourloko · resign |
[ AI ANALYSIS · 1 CREDIT ]
What really happened in this match?
Wolo.gg analyzes every decision: build order, eco, micro, common mistakes by bracket. Personalized analysis on WhatsApp or Discord in 30 seconds.
Civ guide
Mapuche
Perfil
Jugador #5188554